 Dungeon Crawl Stone Soup version 0.32-a0-18-g89e19f1974 (webtiles) character file.

Game seed: 17555745113070690854

84 BlasphemerAmon the Apothecary (level 4, -1/17 (21) HPs)
             Began as a Vine Stalker Alchemist on Jan 16, 2024.
             Killed from afar by an orc wizard (6 damage)
             ... with a puff of flame
             ... on level 6 of the Dungeon.
             The game lasted 00:03:33 (2304 turns).

BlasphemerAmon the Apothecary (VSAl)                Turns: 2304, Time: 00:03:33

HP:   -1/17 (21)    AC:  3    Str: 10    XL:     4   Next: 45%
MP:   0/10          EV: 12    Int: 23    God:
Gold: 166           SH:  0    Dex: 15    Spells: 7/10 levels left

rFire   . . .        (no weapon)
rCold   . . .        (no shield)
rNeg    . . .        a - +0 robe
rPois   .            (no helmet)
rElec   .            (no cloak)
rCorr   .            d - +0 pair of gloves
SInv    .            (no boots)
Will    .....        (no amulet)
Stlth   ++           f - +6 ring of intelligence
HPRegen 1.02/turn    h - ring of flight
MPRegen 0.12/turn

%: guardian spirit
@: flying, heavily drained
A: fangs 2, regeneration 1, magic shield, antimagic bite, no potion heal 2
a: no special abilities


You were on level 6 of the Dungeon.
You visited 1 branch of the dungeon, and saw 4 of its levels.

You collected 166 gold pieces.

Inventory:

Armour
 a - a +0 robe (worn)
 d - a +0 pair of gloves (worn)
Jewellery
 f - a +6 ring of intelligence (left hand)
 h - a ring of flight (right hand)
 r - a ring of fire
Talismans
 k - a flux talisman
Scrolls
 g - a scroll of enchant weapon {unknown}
 l - a scroll of fog {unknown}
 m - a scroll of teleportation {unknown}
 n - a scroll of blinking {unknown}
 o - a scroll of revelation {unknown}
 q - a scroll of identify
Potions
 b - a potion of magic
 c - a potion of might {unknown}
 e - 2 potions of degeneration
 i - a potion of enlightenment
 j - 2 potions of lignification
 p - 2 potions of cancellation {unknown}


   Skills:
 - Level 1.5 Dodging
 - Level 2.4 Stealth
 + Level 3.6 Spellcasting
 - Level 1.0 Conjurations
 + Level 4.1 Alchemy


You had 7 spell levels left.
You knew the following spells:

 Your Spells              Type           Power      Damage    Failure   Level
a - Sting                 Conj/Alch      64%        1d7       3%          1
b - Mercury Vapours       Alch/Air       26%        N/A       7%          2

Your spell library contained the following spells:

 Spells                   Type           Power      Damage    Failure   Level
 Mephitic Cloud           Conj/Alch/Air  12%        N/A       16%         3
 Olgreb's Toxic Radiance  Alch           23%        N/A       19%         4
 Sticky Flame             Fire/Alch      13%        2d5       41%         4


Dungeon Overview and Level Annotations

Branches:
Dungeon (3/15)

Altars:

Shops:
D:2 [   D:3 *

Annotations:
D:2 1 runed translucent door
D:3 1 runed translucent door, Boanerges's ghost, amateur DrFE


Innate Abilities, Weirdness & Mutations

You have extremely sharp teeth.
Your natural rate of healing is unusually fast.
When hurt, damage is shared between your health and your magic reserves.
Your bite disrupts and absorbs the magic of your enemies.
Potions cannot restore your health.


Message History

You hit the orc priest but do no damage.
The orc priest is heavily wounded.
The orc priest hits you but does no damage.
You barely miss the orc priest.
You bite the orc priest, but do no damage.
The orc priest is severely wounded.
The orc barely misses you. The orc priest misses you.
The orc wizard barely misses you. The orc hits you but does no damage.
You hit the orc priest but do no damage.
The orc priest is severely wounded.
The orc barely misses you. The sleepcap releases spores at you.
You are engulfed in a cloud of soporific spores!
You fall asleep.
The orc wizard hits you with a +0 dagger.
You wake up.
The orc hits you with a +0 short sword.
The orc priest begins to cast a cantrip, but forgets the words!
Unknown command.
You hit the orc priest but do no damage.
Your bite misses the orc priest.
The orc priest is severely wounded.
The orc hits you from afar with a +0 trident.
The sleepcap releases spores at you. The orc wizard closely misses you.
The orc barely misses you. The orc priest closely misses you.
You closely miss the orc priest.
The orc priest is almost dead.
The sleepcap releases spores at you!
* * * LOW HITPOINT WARNING * * *
You are engulfed in a cloud of soporific spores!
You are unaffected.
The orc closely misses you. The orc barely misses you.
The orc wizard barely misses you. The orc priest misses you.
You hit the orc priest.
You kill the orc priest!
The orc closely misses you. The sleepcap releases spores at you.
* * * LOW HITPOINT WARNING * * *
You are engulfed in a cloud of soporific spores!
You are unaffected.
You hear some strange, mumbled words.
A puff of flame appears from out of thin air!
The puff of flame hits you!
You die...

.#####...# .........# ....#
.........# ....#
.........#############....#
.........#................. .
.........'................f..
.........#.............##....
##########......foo).........
#....##@){.....#
##..#..#o.)...#..#
##.#............#
#..############.. #.........
####...##. ...# ..# ..#


You could see a sleepcap, an orc wizard and 2 orcs.

Vanquished Creatures
  An orc priest (D:6)
  Jessica (D:2)
  Robin (D:2)
  A ribbon worm (D:2)
  2 orcs (D:6)
  4 ball pythons
  An endoplasm (D:1)
  A giant cockroach (D:2)
  7 goblins
  6 hobgoblins
  2 kobolds (D:2)
  2 quokkas
  4 bats
  3 frilled lizards
  5 rats
41 creatures vanquished.

Notes
Turn   | Place    | Note
-------+----------+-------------------------------------------
     0 | D:1      | BlasphemerAmon the Vine Stalker Alchemist began the quest
                  | for the Orb.
     0 | D:1      | Reached XP level 1. HP: 9/9 MP: 4/4
   304 | D:1      | Reached XP level 2. HP: 13/13 MP: 1/6
   458 | D:1      | Found a faded altar of an unknown god.
   976 | D:2      | Noticed Jessica
   982 | D:2      | Killed Jessica
   983 | D:2      | Reached XP level 3. HP: 16/16 MP: 2/8
  1138 | D:2      | Learned a level 2 spell: Mercury Vapours
  1255 | D:2      | Noticed Robin
  1278 | D:2      | Killed Robin
  1279 | D:2      | Reached skill level 4 in Alchemy
  1279 | D:2      | Reached XP level 4. HP: 21/21 MP: 8/10
  1531 | D:2      | Found Uligg's Armour Emporium.
  1561 | D:2      | Found a runed translucent door.
  2076 | D:3      | Found Tengasmas's Assorted Antiques.
  2184 | D:3      | Found a runed translucent door.
  2184 | D:3      | Noticed Boanerges's ghost (amateur DrFE)
  2217 | D:3      | You are sucked into a shaft and drop 3 floors!
  2304 | D:6      | Killed from afar by an orc wizard

Illustrated notes

Levels and vault maps discovered:
D:1:      matt_arrival_spirals, layout_loops_ring, serial_glass,
          glass_columns_a, glass_columns_a, glass_columns_c, glass_columns_c,
          glass_columns_a, glass_columns_c, glass_columns_a, glass_columns_b,
          shapermc_ecumenical_altar_mp_highgroup
D:2:      layout_loops_ring, serial_shops, nicolae_shop_rolling_square,
          uniq_robin, uniq_jessica, uniq_crazy_yiuf_cottage
D:3:      layout_basic, ebering_ghost_sewer_d, serial_shops, shop_fountains
D:6:      layout_basic, serial_shops, nicolae_shop_peninsula,
          minmay_curled_crystal, patterned_corridor, uniq_pikel

Skill      XL: |  1  2  3 |
---------------+----------+-----
Spellcasting   | 3 |  3.6
Alchemy        | 4 |  4.1
Dodging        | |  1.5
Stealth        | |  2.4
Conjurations   | |  1.0

Action                     |  1- 3 |  4- 6 || total
---------------------------+-------+-------++-------
  Melee: Unarmed           |    41 |    11 ||    52
         Bite              |    13 |     5 ||    18
   Cast: Sting             |    35 |    17 ||    52
         Mercury Vapours   |     3 |     6 ||     9
    Use: Scroll            |       |     3 ||     3
 Armour: Robe              |    35 |    16 ||    51
  Dodge: Dodged            |    37 |    20 ||    57

Table legend: (Time is in decaauts)
 A = Elapsed time spent in this place.
 B = Non-inter-level travel time spent in this place.
 C = Inter-level travel time spent in this place.
 D = Time resting spent in this place.
 E = Time spent auto-exploring this place.
 F = Levels seen in this place.
 G = Mean time per level.
                   A        B        C        D        E       F      G
               +--------+--------+--------+--------+--------+-----+--------+
         Total |   2302 |   2279 |     23 |    151 |   1788 |   4 |  575.5 |
       Dungeon |   2302 |   2279 |     23 |    151 |   1788 |   4 |  575.5 |
               +--------+--------+--------+--------+--------+-----+--------+

Top non-repeatable levels by time:
     D:2: 963 daAuts
     D:1: 952 daAuts
     D:3: 299 daAuts
     D:6: 86 daAuts
